 Dungeon Crawl Stone Soup version 0.29-a0-2-g12fcac58f8 (webtiles) character file.

Game seed: 5829396097096722889

4685 frimble the Placeless Demonspawn (level 10, -14/70 HPs)
             Began as a Demonspawn Warper on Jan 27, 2022.
             Was a Follower of Cheibriados.
             Killed from afar by a wretched star (27 damage)
             ... with a lance of force
             ... on level 1 of the Abyss.
             The game lasted 00:12:57 (8519 turns).

frimble the Placeless Demonspawn (DsWr)             Turns: 8519, Time: 00:12:58

Health: -14/70     AC: 18    Str: 20    XL:     10   Next: 21%
Magic:  13/13      EV: 15    Int: 16    God:    Cheibriados [*.....]
Gold:   689        SH:  0    Dex: 15    Spells: 11/13 levels left

rFire   . . .      SeeInvis +   b - +10 trident of the Equinox {drain, rCorr Str+3}
rCold   . . .      Faith    .   (no shield)
rNeg    + + +      Spirit   .   N - +6 ring mail of Juiluuze {rCorr}
rPois   +          Reflect  .   (helmet restricted)
rElec   .          Harm     .   l - +1 cloak
rCorr   +          Rampage  .   E - +1 pair of gloves of Responsibility {rN+++}
Will    +....                   q - +0 pair of boots
Stlth   +.........              f - amulet "Naha Toss" {rPois rN+ Will+ Regen+}
HPRegen 1.01/turn               i - ring of see invisible
MPRegen 0.26/turn               M - +4 ring of evasion

@: very slow
A: antennae 2, molten scales 1, ignite blood 1, magic regeneration, [dopey 2],
[no potion heal 2]
a: Renounce Religion, Bend Time


You were on level 1 of the Abyss.
You worshipped Cheibriados.
Cheibriados was aware of your devotion.
You visited 2 branches of the dungeon, and saw 9 of its levels.
You visited the Abyss 1 time.

You collected 1629 gold pieces.
You spent 940 gold pieces at shops.

Inventory:

Hand Weapons
 a - the +6 hunting sling "Peuguev" {flame, rPois Will+ Stlth-}
   (You found it on level 4 of the Dungeon)

   Any ammunition fired from it burns those it strikes, dealing additional fire
   damage.
   rPois:     It protects you from poison.
   Will:      It increases your willpower.
   Stlth:     It makes you less stealthy.
 b - the +10 trident of the Equinox (weapon) {drain, rCorr Str+3}
   (You found it on level 7 of the Dungeon)

   A truly terrible weapon, it drains the life of any living foe it strikes.
   Str:       It affects your strength (+3).
   rCorr:     It protects you from acid and corrosion.
 K - a +0 long sword of flaming
Missiles
 r - 4 curare-tipped darts (quivered)
 x - 80 stones
 F - 7 boomerangs
 J - 69 sling bullets
Armour
 l - a +1 cloak (worn)
 q - a +0 pair of boots (worn)
 E - the +1 pair of gloves of Responsibility (worn) {rN+++}
   (You found it on level 5 of the Dungeon)

   rN:        It renders you almost immune to negative energy.
 N - the +6 ring mail of Juiluuze (worn) {rCorr}
   (You bought it in a shop on level 7 of the Dungeon)

   rCorr:     It protects you from acid and corrosion.
Jewellery
 f - the amulet "Naha Toss" (around neck) {rPois rN+ Will+ Regen+}
   (You bought it in a shop on level 1 of the Dungeon)

   [amulet of regeneration]

   rPois:     It protects you from poison.
   rN:        It protects you from negative energy.
   Regen:     It increases your rate of health regeneration.
   Will:      It increases your willpower.
 i - a ring of see invisible (left hand)
 j - a ring of willpower
 m - a ring of fire
 B - a ring of wizardry
 M - a +4 ring of evasion (right hand)
Wands
 u - a wand of iceblast (10)
 y - a wand of flame (41)
 H - a wand of polymorph (4)
Scrolls
 p - a scroll of holy word
 s - a scroll of enchant armour
 v - 2 scrolls of fear
 D - a scroll of vulnerability
Potions
 d - 3 potions of curing
 e - a potion of cancellation
 g - a potion of degeneration
 h - 2 potions of attraction
 k - a potion of resistance {unknown}
 w - 2 potions of might {unknown}
 z - 3 potions of brilliance {unknown}
 A - 2 potions of heal wounds {unknown}
 G - a potion of mutation {unknown}
 I - a potion of flight {unknown}
 L - a potion of lignification {unknown}


   Skills:
 - Level 3.6 Fighting
 - Level 7.0 Short Blades
 + Level 3.7 Polearms
 + Level 0.0(4.5) Slings
 - Level 7.4 Throwing
 - Level 1.0 Armour
 - Level 1.8 Dodging
 - Level 2.1 Spellcasting
 - Level 8.4 Translocations


You had 11 spell levels left.
You knew the following spells:

 Your Spells              Type           Power      Damage    Failure   Level
a - Blink                 Tloc           56%        N/A       1%          2

Your spell library contained the following spells:

 Spells                   Type           Power      Damage    Failure   Level
 Gell's Gravitas          Tloc           28%        N/A       3%          3
 Lesser Beckoning         Tloc           28%        N/A       3%          3
 Teleport Other           Tloc           28%        N/A       3%          3
 Manifold Assault         Tloc           28%        N/A       30%         5
 Summon Small Mammal      Summ           4%         N/A       34%         1
 Corpse Rot               Necr/Air       2%         N/A       45%         2
 Poisonous Vapours        Pois/Air       2%         N/A       45%         2
 Call Canine Familiar     Summ           1%         N/A       71%         3
 Dazzling Flash           Conj/Hex       2%         N/A       71%         3
 Ozocubu's Armour         Ice            1%         N/A       71%         3
 Summon Guardian Golem    Hex/Summ       1%         N/A       71%         3
 Summon Forest            Summ/Tloc      7%         N/A       86%         5
 Dispel Undead            Necr           1%         3d6       98%         4
 Leda's Liquefaction      Hex/Erth       0%         N/A       98%         4
 Agony                    Necr           1%         N/A       100%        5
 Lee's Rapid Deconstruct  Erth           0%         3d5*      100%        5
 Metabolic Englaciation   Hex/Ice        0%         N/A       100%        5
 Silence                  Hex/Air        0%         N/A       100%        5
 Death Channel            Necr           0%         N/A       100%        6
 Eringya's Noxious Bog    Tmut/Pois      0%         N/A       100%        6
 Simulacrum               Ice/Necr       0%         N/A       100%        6
 Statue Form              Tmut/Erth      0%         N/A       100%        6
 Summon Hydra             Summ           0%         N/A       100%        7


Dungeon Overview and Level Annotations

Branches:
Dungeon (8/15)             Temple (1/1) D:6
   Lair: D:8-11

Altars:
Ashenzari
Cheibriados
Dithmenos
Elyvilon
Hepliaklqana
Kikubaaqudgha
Makhleb
Nemelex Xobeh
Okawaru
Qazlal
Ru
Sif Muna
Wu Jian
Xom
Zin

Shops:
D:1 =   D:3 (   D:7 *

Annotations:
D:8 2 transporters, Cecur's ghost, novice DrEE


Innate Abilities, Weirdness & Mutations

You have a pair of antennae on your head.
You are partially covered in molten scales. (AC +2)
Your demonic aura sometimes causes spilled blood to erupt in flames.
You regenerate magic rapidly.
[You are very dopey. (Int -4)]
[Potions cannot restore your health.]


Message History

The wretched star is heavily damaged.
You puncture the wretched star!
The wretched star is heavily damaged.
You hit the wretched star but do no damage.
The wretched star is heavily damaged.
The wretched star glows turbulently.
The lance of force misses you.
The wretched star glows turbulently.
The lance of force misses you.
You puncture the wretched star!
The wretched star is severely damaged.
You hit the wretched star.
The wretched star is severely damaged.
You hit the wretched star.
The wretched star is severely damaged.
The wretched star glows turbulently.
The lance of force hits you!
You are knocked back by the lance of force.
You slam into the metal wall!
You hit the wretched star but do no damage.
The wretched star is severely damaged.
The wretched star pulses with an eldritch light!
You feel stupid. x2
You closely miss the wretched star.
The wretched star is severely damaged.
The wretched star glows turbulently.
The lance of force hits you!!
* * * LOW HITPOINT WARNING * * *
You are knocked back by the lance of force.
You slam into the metal wall!
* * * LOW HITPOINT WARNING * * *
You puncture the wretched star!
The wretched star is almost destroyed.
You closely miss the wretched star.
The wretched star is almost destroyed.
You closely miss the wretched star.
The wretched star is almost destroyed.
The wretched star glows turbulently.
The lance of force hits you!!
You die...

### .. ##..
#######..#
..........#
... ....
#...#*# .
#@# #..###
#.. .####
.#. #.## #
# #.# #.#
#.# #....#
#.#...# #
...#


You could see a wretched star.

Vanquished Creatures
  A two-headed ogre (D:7)
  Joseph (D:7)
  Maggie (D:7)
  A ynoxinul (Abyss:1)
  4 starcursed masses (Abyss:1)
  6 yaks (D:8)
  Menkaure (D:7)
  Duvessa (D:4)
  2 ice beasts
  2 sky beasts (D:6)
  3 ogres
  A centaur (D:8)
  2 bullfrogs
  A kobold brigand (D:8)
  Blork the orc (D:5)
  3 scorpions
  A wyvern skeleton (D:7)
  Dowan (D:4)
  11 wights
  A howler monkey (D:7)
  A quasit (Abyss:1)
  Crazy Yiuf (D:7)
  2 jellies
  A hound (D:5)
  A centaur skeleton (D:7)
  Terence (D:2)
  6 iguanas
  Ijyb (D:5)
  6 orc wizards
  A hound skeleton (D:4)
  A howler monkey zombie (D:5)
  9 adders
  2 gnolls (D:8)
  A shadow imp (D:6)
  A white imp (D:7)
  An ufetubus (Abyss:1)
  An adder skeleton (D:5)
  A worm (D:4)
  A dart slug (D:1)
  8 orcs
  6 ball pythons
  9 bats
  11 endoplasms
  3 giant cockroaches
  6 goblins
  6 hobgoblins
  3 jackals (D:2)
  3 quokkas
  6 frilled lizards
  10 kobolds
  7 rats
162 creatures vanquished.

Vanquished Creatures (others)
  A plant (D:1)
  5 toadstools (D:1)
6 creatures vanquished.

Grand Total: 168 creatures vanquished

Notes
Turn   | Place    | Note
-------+----------+-------------------------------------------
     0 | D:1      | frimble the Demonspawn Warper began the quest for the Orb.
     0 | D:1      | Reached XP level 1. HP: 16/16 MP: 3/3
   249 | D:1      | Reached skill level 1 in Throwing
   249 | D:1      | Reached skill level 1 in Armour
   372 | D:1      | Gained mutation: You are partially covered in molten
                  | scales. (AC +2) [demonic ancestry]
   372 | D:1      | Reached XP level 2. HP: 6/22 MP: 5/5
   869 | D:1      | Found Roll's Jewellery Emporium.
  1251 | D:1      | Gained mutation: You have a pair of small antennae on your
                  | head. [demonic ancestry]
  1251 | D:1      | Reached XP level 3. HP: 27/27 MP: 6/6
  1558 | D:1      | Found a faded altar of an unknown god.
  1623 | D:2      | Identified a scroll of acquirement
  1623 | D:2      | Acquired 1146 gold pieces
  1662 | D:1      | Bought the amulet "Naha Toss" {rPois rN+ Will+ Regen+} for
                  | 510 gold pieces
  1667 | D:1      | Bought a ring of see invisible for 150 gold pieces
  2148 | D:2      | Noticed Terence
  2313 | D:2      | Killed Terence
  2314 | D:2      | Gained mutation: You regenerate magic rapidly. [demonic
                  | ancestry]
  2314 | D:2      | Reached XP level 4. HP: 17/33 MP: 7/7
  2515 | D:3      | Found Fuoghock's Weapon Emporium.
  2517 | D:3      | Noticed a bullfrog
  2534 | D:3      | Killed a bullfrog
  2535 | D:3      | Reached XP level 5. HP: 19/38 MP: 8/8
  2598 | D:3      | Learned a level 2 spell: Blink
  2872 | D:3      | Reached skill level 5 in Short Blades
  3511 | D:4      | Gained mutation: Your demonic aura sometimes causes spilled
                  | blood to erupt in flames. [demonic ancestry]
  3511 | D:4      | Reached XP level 6. HP: 33/47 MP: 9/9
  3971 | D:4      | Reached skill level 3 in Translocations
  3971 | D:4      | Gained mutation: You have a pair of antennae on your head.
                  | [demonic ancestry]
  3971 | D:4      | Reached XP level 7. HP: 52/52 MP: 10/10
  4390 | D:4      | Identified the +6 hunting sling "Peuguev" {flame, rPois
                  | Will+ Stlth-}
  4397 | D:5      | Entered Level 5 of the Dungeon
  4806 | D:5      | Noticed Dowan
  4809 | D:5      | Noticed Duvessa
  4870 | D:4      | Killed Duvessa
  4871 | D:4      | Reached skill level 4 in Translocations
  4877 | D:4      | Killed Dowan
  4978 | D:5      | Noticed Ijyb
  5008 | D:5      | Killed Ijyb
  5195 | D:5      | Noticed Blork the orc
  5198 | D:5      | Killed Blork the orc
  5199 | D:5      | Reached XP level 8. HP: 58/59 MP: 11/11
  5296 | D:5      | Identified the +1 pair of gloves of Responsibility {rN+++}
  5578 | D:6      | Reached skill level 5 in Translocations
  5596 | D:6      | Found a staircase to the Ecumenical Temple.
  5636 | Temple   | Entered the Ecumenical Temple
  5778 | Temple   | Became a worshipper of Cheibriados the Contemplative
  6645 | D:7      | Noticed Menkaure
  6649 | D:7      | Killed Menkaure
  6650 | D:7      | Reached skill level 6 in Translocations
  6845 | D:7      | Noticed Maggie
  6858 | D:7      | Killed Maggie
  6859 | D:7      | Reached skill level 5 in Throwing
  6859 | D:7      | Reached XP level 9. HP: 49/64 MP: 12/12
  6892 | D:7      | Noticed Joseph
  6961 | D:7      | Killed Joseph
  6962 | D:7      | Reached skill level 7 in Translocations
  7049 | D:7      | Found a runed translucent door.
  7050 | D:7      | Noticed Crazy Yiuf
  7241 | D:7      | Found Nannaor's Assorted Antiques.
  7259 | D:7      | Bought a scroll labelled RYUSIGH EWUTO for 28 gold pieces
  7259 | D:7      | Bought a crude ring mail for 252 gold pieces
  7259 | D:7      | Identified the +6 ring mail of Juiluuze {rCorr} (You bought
                  | it in a shop on level 7 of the Dungeon)
  7718 | D:7      | Killed Crazy Yiuf
  7813 | D:7      | Identified the +10 trident of the Equinox {drain, rCorr
                  | Str+3}
  7825 | D:8      | Noticed a two-headed ogre
  7842 | D:7      | Killed a two-headed ogre
  7965 | D:7      | Reached skill level 8 in Translocations
  7991 | D:8      | Reached * piety under Cheibriados
  8139 | D:8      | Found a transporter.
  8147 | D:8      | Found a transporter.
  8147 | D:8      | Noticed a moth of wrath
  8149 | D:8      | Noticed Cecur's ghost (novice DrEE)
  8174 | D:8      | Reached XP level 10. HP: 70/70 MP: 13/13
  8270 | D:8      | Cast into level 1 of the Abyss (gnoll sergeant)
  8344 | Abyss:1  | Noticed a starcursed mass
  8367 | Abyss:1  | Killed a starcursed mass
  8381 | Abyss:1  | HP: 3/70 [starcursed mass/accursed screaming (7)]
  8382 | Abyss:1  | Noticed a guardian serpent
  8497 | Abyss:1  | Noticed a wretched star
  8519 | Abyss:1  | Killed from afar by a wretched star

Illustrated notes

Levels and vault maps discovered:
D:1:      ldierk_walled_garden, layout_basic, serial_shops,
          nicolae_shop_crystal, chequers_ecumenical_altar_lobes
D:2:      layout_basic, uniq_terence
D:3:      layout_rooms, serial_shops, shop, kennysheep_pointless_box,
          palyth_stone_intersect, corexii_hall_statues_t,
          amcnicky_mini_corridor_feature
D:4:      layout_cave_pods, minmay_a_box_with_orc_wizards_in_it
D:5:      layout_rooms, uniq_ijyb, uniq_duvessa, uniq_blork_the_orc
D:6:      layout_layer_cave, minmay_temple_entry_statues
D:7:      minmay_general_purpose_star, layout_rooms, serial_shops,
          nicolae_diamond_shop, roderic_lattice_a, minmay_crystal_room,
          kennysheep_generic_room_13, uniq_joseph, uniq_maggie, uniq_menkaure,
          uniq_crazy_yiuf_cottage
D:8:      layout_basic, gammafunk_ghost_wrathful_warriors, lemuel_flamethrower_2
Temple:   mainiacjoe_temple_hex_bubbles
Abyss:1:  base: D:6, serial_sigils_hangedman_shear

Skill      XL: |  1  2  3  4  5  6  7  8  9 |
---------------+----------------------------+-----
Throwing       | 1 2 5 7 |  7.4
Armour         | 1 |  1.0
Short Blades   | 2 3 4 5 6 7 |  7.0
Fighting       | 3 |  3.6
Translocations | 3 4 6 8 |  8.4
Polearms       | 3 |  3.7
Dodging        | |  1.8
Spellcasting   | |  2.1

Action                   |  1- 3 |  4- 6 |  7- 9 | 10-12 || total
-------------------------+-------+-------+-------+-------++-------
Melee: Short sword       |   242 |   328 |    53 |       ||   623
       Punch             |     3 |     6 |     2 |       ||    11
       Trident           |       |       |       |    25 ||    25
 Fire: Hunting sling     |       |       |   278 |    79 ||   357
Throw: Boomerang         |     3 |     2 |       |       ||     5
       Dart              |       |     4 |     3 |       ||     7
 Cast: Blink             |       |     1 |     6 |     5 ||    12
Evoke: Wand              |       |       |       |     1 ||     1
  Use: Scroll            |     4 |       |       |    10 ||    14
Armor: Leather armour    |    15 |       |       |       ||    15
       Ring mail         |   106 |   154 |    61 |    22 ||   343
       Chain mail        |       |       |     1 |       ||     1
Dodge: Dodged            |   172 |   136 |   113 |    56 ||   477

Table legend: (Time is in decaauts)
 A = Elapsed time spent in this place.
 B = Non-inter-level travel time spent in this place.
 C = Inter-level travel time spent in this place.
 D = Time resting spent in this place.
 E = Time spent auto-exploring this place.
 F = Levels seen in this place.
 G = Mean time per level.
                   A        B        C        D        E       F      G
               +--------+--------+--------+--------+--------+-----+--------+
         Total |   9109 |   8224 |    885 |    103 |   6153 |  10 |  910.9 |
       Dungeon |   8629 |   7822 |    807 |    103 |   5978 |   8 | 1078.6 |
        Temple |    193 |    115 |     78 |      0 |    110 |   1 |  193.0 |
         Abyss |    287 |    287 |      0 |      0 |     64 |   1 |  287.0 |
               +--------+--------+--------+--------+--------+-----+--------+

Top non-repeatable levels by time:
     D:1: 1739 daAuts
     D:7: 1619 daAuts
     D:4: 1224 daAuts
     D:6: 1204 daAuts
     D:2: 961 daAuts
     D:3: 907 daAuts
     D:5: 605 daAuts
     D:8: 366 daAuts
 Abyss:1: 287 daAuts
  Temple: 193 daAuts
